 Dungeon Crawl Stone Soup version 0.18-a0-1485-g189885c (webtiles) character file.

3464 uiiiytp the Cleaver (level 9, 0/106 HPs)
             Began as a Minotaur Fighter on Mar 3, 2016.
             Slain by Karasique's ghost (8 damage)
             ... on level 9 of the Dungeon.
             The game lasted 00:37:07 (7337 turns).

uiiiytp the Cleaver (Minotaur Fighter)              Turns: 7337, Time: 00:37:07

Health: 0/106      AC: 24    Str: 25    XL:     9   Next: 78%
Magic:  8/8        EV:  2    Int:  5    God:
Gold:   595        SH: 12    Dex: 14    Spells: 0 memorised, 8 levels left

rFire  + . .     SeeInvis .     D - +2 hand axe (chop)
rCold  x . .     Gourm    .     (armour currently unavailable)
rNeg   + + +     Faith    .     c - +0 shield
rPois  +         Spirit   .     (helmet currently unavailable)
rElec  .         Dismiss  .     (cloak currently unavailable)
rCorr  .         Reflect  .     (gloves currently unavailable)
SustAt +         Harm     .     (boots currently unavailable)
MR     .....     NoTele   +     (no amulet)
Stlth  ++........               Q - ring of sustain attributes
                                q - ring of fire

@: agile, tree-form, not resistant to hostile enchantments, unstealthy
A: (retaliatory headbutt), (horns 0)
a: no special abilities


You were on level 9 of the Dungeon.
You were not hungry.
You were a tree.
You visited 1 branch of the dungeon, and saw 9 of its levels.
You also visited: Ossuary.

You collected 595 gold pieces.

Inventory:

Hand Weapons
 a - a +0 war axe
 D - a +2 hand axe of chopping (weapon)
 E - a +2 whip of flaming
 F - a +1 falchion of holy wrath
 I - a cursed -1 spear
 M - a +2 scimitar
 P - a cursed -1 shortbow
Armour
 b - a +1 scale mail (melded)
 c - a +0 shield (worn)
 t - a +0 buckler
 z - a +0 pair of boots (melded)
 T - a +0 pair of gloves (melded)
 V - the cursed +1 plate armour "Wabrur" {Regen+ Int-2 Dex+3, unknown}
   (You found it on level 10 of the Dungeon)

   It affects your intelligence (-2).
   It affects your dexterity (+3).
   It increases your rate of regeneration.
   It has a curse placed upon it.
Jewellery
 o - a cursed ring of teleportation
 q - a ring of fire (left branch)
 Q - a ring of sustain attributes (right branch)
 U - a +4 ring of intelligence {unknown}
 Z - an uncursed ring of protection from fire {unknown}
Wands
 p - a wand of confusion (35/48)
 v - a wand of acid (5/15)
 w - a wand of acid (7/15)
 y - a wand of teleportation (1/9)
 C - a wand of polymorph (1/24)
 J - a wand of enslavement (9/24)
 L - a wand of acid (2/15)
 O - a wand of disintegration (8/24)
 R - a wand of lightning (9/15)
 X - a wand of iceblast (6/15)
 Y - a wand of disintegration (13/24)
Scrolls
 d - 2 scrolls of magic mapping
 e - a scroll of fog
 f - 4 scrolls of teleportation
 j - a scroll of acquirement {unknown}
 m - a scroll of amnesia
 n - 2 scrolls of recharging
 x - a scroll of blinking
 W - a scroll of remove curse
Potions
 h - 2 potions of invisibility
 l - a potion of haste
 r - 2 potions of resistance
 s - a potion of degeneration
 A - 2 potions of ambrosia
 G - 4 potions of curing
 H - a potion of cancellation
 K - 3 potions of flight
 N - 3 potions of agility
Books
 i - a Fen Folio

   Spells                             Type                      Level
   a - Corpse Rot                     Necromancy                   2
   b - Stone Arrow                    Conjuration/Earth            3
   c - Leda's Liquefaction            Hexes/Earth                  4
   d - Summon Forest                  Summoning/Translocation      5
   e - Hydra Form                     Transmutation                6
   f - Summon Hydra                   Summoning                    7
Comestibles
 k - 8 fruits
 u - 3 beef jerkies
 B - 2 meat rations
 S - a slice of pizza


   Skills:
 - Level 3.9 Fighting
 - Level 14.4 Axes
 - Level 4.1 Armour
 - Level 0.2 Dodging
 + Level 7.8 Shields


You had 8 spell levels left.
You didn't know any spells.

Dungeon Overview and Level Annotations

Branches:
Dungeon (10/15)            Temple (0/1) D:7            Lair (0/8) D:10
    Orc (0/2) D:9

Altars:
Cheibriados
Dithmenos
Fedhas
Gozag
Qazlal
Trog
Vehumet
Yredelemnul
The Shining One

Shops:
D:6 :

Annotations:
D:9 Karasique's ghost, novice VSWr


Innate Abilities, Weirdness & Mutations

((You reflexively headbutt those who attack you in melee.))
((You have a pair of horns on your head.))


Message History

You hit Karasique's ghost but do no damage.
Karasique's ghost is moderately damaged.
Karasique's ghost hits you.
* * * LOW HITPOINT WARNING * * *
You closely miss Karasique's ghost.
Karasique's ghost is moderately damaged.
You miss Karasique's ghost.
Karasique's ghost is moderately damaged.
Karasique's ghost hits you but does no damage.
You are electrocuted!
* * * LOW HITPOINT WARNING * * *
Karasique's ghost's shroud bends your attack away.
You block Karasique's ghost's attack.
You miss Karasique's ghost.
Karasique's ghost is moderately damaged.
You slash Karasique's ghost!
Karasique's ghost's shroud falls apart!
Karasique's ghost is heavily damaged.
Karasique's ghost hits you but does no damage.
You are electrocuted!
You die...

............ ##
........... ..#
..........##.##
...<...o..#...#
..<..........#
.#.#...........#
#........)>.#.#
#........♣..##
#.......W....#
#............#
#............##
?##........#..<##
..(....>.)......#
.##....†........#
#..............#
##.......#....##


You could see an orc wizard and Karasique's ghost.

Vanquished Creatures
  Pikel (D:6)
  Eustachio (D:6)
  A yak (D:10)
  2 wraiths (Ossuary)
  An orc warrior (D:9)
  A sky beast (D:6)
  2 phantoms
  3 ogres
  2 slaves (D:6)
  2 centaurs
  Blork the orc (D:6)
  A wyvern skeleton (D:7)
  3 scorpions
  4 killer bees (D:6)
  3 wights (Ossuary)
  5 howler monkeys
  3 crimson imps
  A centaur zombie (D:10)
  3 orc priests
  2 jellies
  4 iguanas
  4 orc wizards
  5 worker ants
  3 hound skeletons
  A howler monkey skeleton (D:10)
  10 gnolls
  5 adders
  5 shadow imps
  4 oozes
  An adder zombie (Ossuary)
  A worm (D:3)
  A dart slug (D:4)
  3 giant geckos
  8 orcs
  7 giant cockroaches
  8 goblins
  9 hobgoblins
  9 jackals
  7 kobolds
  2 quokkas
  A ball python skeleton (Ossuary)
  8 bats
  A giant gecko skeleton (D:4)
  7 giant newts
  2 hobgoblin skeletons (Ossuary)
  A hobgoblin zombie (Ossuary)
  3 kobold zombies (Ossuary)
  An orc zombie (Ossuary)
  19 rats
182 creatures vanquished.

Vanquished Creatures (others)
  A slave (D:6)
  3 fungi (D:10)
4 creatures vanquished.

Grand Total: 186 creatures vanquished

Notes
Turn   | Place    | Note
--------------------------------------------------------------
     0 | D:1      | uiiiytp the Minotaur Fighter began the quest for the Orb.
     0 | D:1      | Reached XP level 1. HP: 19/19 MP: 0/0
    36 | D:1      | Reached XP level 2. HP: 21/27 MP: 1/1
   270 | D:1      | Reached XP level 3. HP: 33/33 MP: 2/2
   408 | D:1      | Reached skill level 3 in Axes
  1085 | D:2      | Found a radiant altar of Vehumet.
  1151 | D:2      | Reached skill level 4 in Axes
  1151 | D:2      | Reached XP level 4. HP: 36/40 MP: 3/3
  1583 | D:2      | Reached skill level 5 in Axes
  1914 | D:3      | Reached XP level 5. HP: 37/46 MP: 4/4
  2030 | D:3      | Noticed an ogre
  2035 | D:3      | Killed an ogre
  2035 | D:3      | Reached skill level 6 in Axes
  2288 | D:3      | Found a stormy altar of Qazlal.
  2288 | D:3      | Found a basalt altar of Yredelemnul.
  2479 | D:4      | Found an opulent altar of Gozag.
  2485 | D:4      | Reached XP level 6. HP: 50/52 MP: 5/5
  2537 | D:4      | Reached skill level 7 in Axes
  2646 | D:4      | Reached skill level 8 in Axes
  2845 | D:4      | Reached XP level 7. HP: 52/58 MP: 6/6
  3120 | D:4      | Reached skill level 9 in Axes
  3370 | D:5      | Entered Level 5 of the Dungeon
  3385 | D:5      | Found a bloodstained altar of Trog.
  3400 | D:5      | Found a sand-covered staircase.
  3407 | Ossuary  | Entered an ossuary
  3500 | Ossuary  | Noticed a flying skull
  3500 | Ossuary  | Noticed a wraith
  3506 | Ossuary  | Noticed a flying skull
  3507 | Ossuary  | Noticed a flying skull
  3532 | Ossuary  | Noticed a flying skull
  3565 | Ossuary  | Noticed a wraith
  3580 | Ossuary  | Killed a wraith
  3580 | Ossuary  | Reached skill level 10 in Axes
  3742 | Ossuary  | Noticed a flying skull
  3743 | Ossuary  | Noticed a wraith
  3757 | Ossuary  | HP: 1/58 [wraith (3)]
  3760 | Ossuary  | Killed a wraith
  3760 | Ossuary  | Reached XP level 8. HP: 20/66 MP: 7/7
  4250 | D:5      | Reached skill level 11 in Axes
  4527 | D:5      | Found a shadowy altar of Dithmenos.
  4806 | D:5      | Found a blossoming altar of Fedhas.
  5088 | D:5      | Reached skill level 12 in Axes
  5195 | D:6      | HP: 3/66 [poisoned by a killer bee]
  5540 | D:6      | Noticed Pikel
  5561 | D:6      | Killed Pikel
  5561 | D:6      | Reached skill level 13 in Axes
  5561 | D:6      | Reached XP level 9. HP: 71/71 MP: 8/8
  5697 | D:6      | Noticed Eustachio
  5699 | D:6      | Noticed Blork the orc
  5710 | D:6      | Killed Blork the orc
  5736 | D:6      | Killed Eustachio
  5736 | D:6      | Reached skill level 14 in Axes
  6309 | D:6      | Found Wutho's Book Shoppe.
  6537 | D:7      | Found a snail-covered altar of Cheibriados.
  6593 | D:7      | Found a glowing golden altar of the Shining One.
  6680 | D:7      | Reached skill level 5 in Shields
  6763 | D:7      | Found a staircase to the Ecumenical Temple.
  6795 | D:7      | You fall through a shaft for 3 floors!
  6795 | D:10     | Entered Level 10 of the Dungeon
  6954 | D:10     | Got a slimy plate armour
  7006 | D:10     | Found a staircase to the Lair.
  7288 | D:9      | Found a staircase to the Orcish Mines.
  7301 | D:9      | Noticed Karasique's ghost (novice VSWr)
  7337 | D:9      | Slain by Karasique's ghost

Vault maps used:
D:1:      erik_arrival_gehennom, serial_bayou, serial_bayou_lagoon_a,
          serial_bayou_pond_c, serial_bayou_pond_b, serial_bayou_pond_d
D:2:      lemuel_doored_altar, kennysheep_generic_room_4
D:3:      gammafunk_temple_overflow_elements
D:4:      nicolae_gozag_seed_capital, first_bread
D:5:      marbit_many_paths, grunt_dithmenos_shadows, old_standard_altar,
          nicolae_ossuary_entry_plus, nicolae_zen_rock_garden
D:6:      serial_shops, kennysheep_little_box, abandoned_shop,
          uniq_blork_the_orc, uniq_pikel, uniq_eustachio
D:7:      tso_metal_star, old_standard_altar, zin_scriptorium,
          minmay_temple_entry_hall, hangedman_decor_push
D:9:      ashenzari_conservatory_becter, orc_0_dummy, serial_column_ruins,
          column_ruins_hut, column_ruins_open_tiny, column_ruins_open_medium,
          column_ruins_corridor_straight, column_ruins_open_large,
          grunt_livestock
D:10:     due_lair_maze_entry_diamond
Ossuary:  ossuary_due_cavern

Skill      XL: |  1  2  3  4  5  6  7  8  9 |
---------------+----------------------------+-----
Shields        | 4 7 |  7.8
Armour         | 4 |  4.1
Axes           | 4 5 6 8 10 13 14 | 14.4
Fighting       | |  3.9
Dodging        | |  0.2

Action                   |  1- 3 |  4- 6 |  7- 9 || total
-------------------------+-------+-------+-------++-------
Melee: War axe           |    88 |   137 |    28 ||   253
       Hand axe          |       |       |   342 ||   342
  Use: Scroll            |     3 |       |    21 ||    24
       Potion            |       |       |     8 ||     8
  Eat: Bread ration      |       |     1 |     3 ||     4
       Fruit             |       |     1 |       ||     1
       Pizza             |       |       |     2 ||     2
       Beef jerky        |       |       |     1 ||     1
